 Dungeon Crawl Stone Soup version 0.24-a0-537-g2d01d4a (webtiles) character file.

Game seed: 17708757746449971195

13 thomd the Sneak (level 2, 0/14 HPs)
             Began as a Spriggan Assassin on Aug 16, 2019.
             Slain by a gnoll
             ... wielding a +0 spear
              (3 damage)
             ... on level 1 of the Dungeon.
             The game lasted 00:00:58 (239 turns).

thomd the Sneak (Spriggan Assassin)                  Turns: 239, Time: 00:00:59

Health: 0/14       AC:  3    Str:  7    XL:     2   Next: 24%
Magic:  3/3        EV: 17    Int: 12    God:
Gold:   13         SH:  0    Dex: 17    Spells: 1/1 levels left

rFire    . . .     SeeInvis +   a - +2 dagger
rCold    . . .     Gourm    .   (shield restricted)
rNeg     . . .     Faith    .   b - +0 robe
rPois    .         Spirit   .   (helmet restricted)
rElec    .         Reflect  .   c - +0 cloak
rCorr    .         Harm     .   (gloves unavailable)
MR       .....                  (boots unavailable)
Stlth    +++.......             (no amulet)
HPRegen  0.04/turn              (no ring)
MPRegen  0.08/turn              (no ring)

@: very quick
A: very small, unfitting armour, see invisible, herbivore, speed 3, slow
metabolism 2
a: no special abilities


You were on level 1 of the Dungeon.
You were not hungry.

You visited 1 branch of the dungeon, and saw 1 of its levels.

You collected 13 gold pieces.

Inventory:

Hand Weapons
 a - a +2 dagger (weapon)
Missiles
 d - 8 poisoned darts (quivered)
 e - 2 curare-tipped darts
Armour
 b - a +0 robe (worn)
 c - a +0 cloak (worn)
Comestibles
 f - a ration


   Skills:
 - Level 1.5 Fighting
 + Level 2.5 Short Blades
 - Level 2.0 Throwing
 - Level 1.5 Dodging
 * Level 6.5 Stealth


You had one spell level left.
You didn't know any spells.
Your spell library was empty.

Dungeon Overview and Level Annotations

Branches:
Dungeon (1/15)

Altars:


Innate Abilities, Weirdness & Mutations

You are very small and have problems with some larger weapons.
You are too small for most types of armour.
You have supernaturally acute eyesight. (SInv)
You are a herbivore.
You cover ground extremely quickly.
You need to consume almost no food.


Message History

The goblin hits you with a +0 dagger.
You hit the gnoll but do no damage.
The gnoll is heavily wounded.
The gnoll barely misses you. The frilled lizard closely misses you.
You barely miss the gnoll.
The gnoll is heavily wounded.
The goblin hits you but does no damage. The gnoll completely misses you.
The frilled lizard barely misses you.
You hit the gnoll.
The gnoll is severely wounded.
The goblin hits you with a +0 dagger. The gnoll hits you with a +0 spear!
Ouch! That really hurt!
* * * LOW HITPOINT WARNING * * *
The frilled lizard barely misses you.
You are too injured to fight recklessly!
You are too injured to fight recklessly!
You hit the gnoll but do no damage.
The gnoll is severely wounded.
The goblin completely misses you. The gnoll hits you with a +0 spear.
You die...

..#....#
..#....####.###.###.##
..####...............
.......... .#......###.
##.......# .....).....
##.......#####..........
........>...............
##.###..........lgr..#
..).##........##@#...#.
....'...........g.......
....##†......!...#...###
....##.................#
....###..........#...#.$
................!.......
............##..........
............##..........
...#........##.........


You could see a gnoll, a goblin, a frilled lizard and a rat.

Vanquished Creatures
  An ooze (D:1)
  A giant cockroach (D:1)
  A goblin (D:1)
  2 hobgoblins (D:1)
  A kobold (D:1)
  2 frilled lizards (D:1)
8 creatures vanquished.

Notes
Turn   | Place    | Note
-------+----------+-------------------------------------------
     0 | D:1      | thomd the Spriggan Assassin began the quest for the Orb.
     0 | D:1      | Reached XP level 1. HP: 10/10 MP: 2/2
    14 | D:1      | Reached skill level 6 in Stealth
   134 | D:1      | Reached XP level 2. HP: 13/14 MP: 3/3
   239 | D:1      | Slain by a gnoll

Levels and vault maps discovered:
D:1:      shiori_arrival_maze, layout_basic

Skill      XL: |  1 |
---------------+----+-----
Stealth        | 6 |  6.5
Fighting       | |  1.5
Short Blades   | |  2.5
Throwing       | |  2.0
Dodging        | |  1.5

Action                   || total
-------------------------++-------
Melee: Dagger            ||    39
 Stab: Sleeping          ||     2
Armor: Robe              ||     3
Dodge: Dodged            ||    28

Table legend:
 A = Non-vault XP
 B = Vault XP
 C = Vault XP percentage of total XP
 D = Non-vault monster count
 E = Vault monster count
 F = Vault count percentage of total count
                 A         B        C        D         E       F
            +---------+---------+-------+---------+---------+-------
      Total |      17 |       2 |  10.5 |       7 |       1 |  12.5
            +---------+---------+-------+---------+---------+-------
        D:1 |      17 |       2 |  10.5 |       7 |       1 |  12.5
            +---------+---------+-------+---------+---------+-------
